cohdb
Replays
Latest Replays
All Replays
Popular Replays
Top Player Replays
Match Explorer
How It Works
Community
CoH3 Stats
Reddit
Sign in to upload your games and track your stats! →
Sign in with Steam
Match 43889538
Unlisted
Match 43889538
Overview
Messages
Build Orders
End
Vickers Machine Gun Team
Construct Section Command Post
Selects Canadian Shock Battlegroup
Royal Engineer Section
Selects Attacking Spirit
Selects Canadian Shock Section
Canadian Shock Section
Canadian Shock Section
Construct Platoon Command Post
Selects Incendiary Munitions
Royal Engineer Section
CMP 15cwt Truck
Forward Retreat Point
Construct Company Command Post
Canadian Shock Section
Selects Pyrotechnics
Unlock M3 Grant Medium Tanks
M3 Grant Medium Tank
M3 Grant Medium Tank
Armored Vehicle Training
Selects Demolition Engineering
M3 Grant Medium Tank
Infantry Training
M3 Grant Medium Tank
M3 Grant Medium Tank
Selects Smoke Operation
M3 Grant Medium Tank
M3 Grant Medium Tank
Otter
ドルーギー
REDpioneer
James_McLeod
Dog
Medic#2
Yosugami
Halokoo
0
0
Comments
sign in to comment!
No comments posted yet!